 Dungeon Crawl Stone Soup version 0.23.2-1-ga50397a6bc (webtiles) character file.

Game seed: 13247939211039328221

11428 Foic the Cleaver (level 11, -7/154 HPs)
             Began as a Deep Dwarf Berserker on May 14, 2019.
             Was a Priest of Trog.
             Mangled by an orc warrior
             ... wielding a +0 scimitar
              (11 damage)
             ... on level 9 of the Dungeon.
             The game lasted 00:54:21 (10011 turns).

Foic the Cleaver (Deep Dwarf Berserker)            Turns: 10011, Time: 00:54:21

Health: -7/154     AC: 17    Str: 26    XL:     11   Next: 49%
Magic:  11/11      EV: 15    Int:  8    God:    Trog [***...]
Gold:   552        SH:  0    Dex: 15    Spells: 10/10 levels left

rFire    + . .     SeeInvis .   a - +0 war axe
rCold    + . .     Gourm    .   (no shield)
rNeg     . . .     Faith    .   z - +0 plate armour
rPois    .         Spirit   .   (no helmet)
rElec    .         Reflect  .   q - scarf {rC+ rF+}
rCorr    .         Harm     .   (no gloves)
MR       +....                  w - +0 pair of boots
Stlth    ..........             (no amulet)
HPRegen  0.00/turn              s - +1 ring of protection
MPRegen  0.12/turn              n - +3 ring of evasion

@: berserking, non-regenerating, very quick
A: damage resistance, heal wounds, hooves 1, repulsion field 1, mutation
resistance 1, sense surroundings 2, screaming 1, no regeneration
a: Heal Wounds, Berserk, Trog's Hand, Renounce Religion


You were on level 9 of the Dungeon.
You worshipped Trog.
Trog was most pleased with you.
You were hungry.

You visited 3 branches of the dungeon, and saw 13 of its levels.

You collected 552 gold pieces.

Inventory:

Hand Weapons
 a - a +0 war axe (weapon)
 b - a +4 hunting sling
 h - a +4 dire flail of freezing
 E - a +1 hand axe
 J - a +2 morningstar of draining
 K - a +2 flail of protection
Missiles
 o - 404 stones (quivered)
 F - 66 sling bullets
 P - 8 javelins of penetration
Armour
 q - a scarf of resistance (worn)
 u - a +3 leather armour
 w - a +0 pair of boots (worn)
 z - a +0 plate armour (worn)
 D - a +0 cloak
 I - a +0 chain mail of cold resistance
 S - a +0 troll leather armour
Jewellery
 n - a +3 ring of evasion (right hand)
 s - a +1 ring of protection (left hand)
 Q - an uncursed ring of fire
 R - a cursed ring of teleportation
 T - an uncursed amulet of guardian spirit
 V - an uncursed ring of fire
Wands
 e - a wand of polymorph (10)
 t - a wand of flame (17)
 C - a wand of iceblast (18)
 X - a wand of acid (7)
 Z - a wand of digging (6)
Scrolls
 d - 6 scrolls of remove curse {unknown}
 f - 3 scrolls of enchant weapon
 g - a scroll of silence {unknown}
 i - 3 scrolls of identify
 j - 11 scrolls of teleportation {unknown}
 k - 3 scrolls of blinking {unknown}
 l - a scroll of fog {unknown}
 p - 2 scrolls of magic mapping {unknown}
 r - a scroll of noise {unknown}
 v - 4 scrolls of amnesia {unknown}
 y - 3 scrolls of random uselessness {unknown}
 H - a scroll of fear {unknown}
 L - 2 scrolls of enchant armour {unknown}
 M - 2 scrolls of immolation {unknown}
Potions
 m - 4 potions of curing
 x - 2 potions of flight
 B - a potion of mutation
 G - a potion of haste
 N - a potion of berserk rage
 O - a potion of ambrosia
 U - 4 potions of might
 W - a potion of magic
 Y - a potion of heal wounds
Comestibles
 c - 39 rations
 A - a chunk of flesh


   Skills:
 + Level 8.2 Fighting
 + Level 13.8 Axes
 + Level 2.5 Slings
 + Level 10.3 Armour
 + Level 4.1 Dodging
 + Level 1.2 Stealth


You had 10 spell levels left.
You didn't know any spells.
Your spell library was empty.

Dungeon Overview and Level Annotations

Branches:
Dungeon (10/15)            Temple (0/1) D:6            Lair (2/6) D:10
    Orc (1/2) D:9
  Swamp: Lair:2-4    Shoals: Lair:2-4     Snake: Lair:2-4    Spider: Lair:2-4

Altars:
Cheibriados
Dithmenos
Elyvilon
Fedhas
Hepliaklqana
Kikubaaqudgha
Makhleb
Nemelex Xobeh
Okawaru
Trog
Vehumet
Xom
Zin
Beogh

Shops:
D:10 !

Annotations:
D:3 1 runed translucent door, Crazy Yiuf
D:4 1 runed translucent door, Xerberus86's ghost, amateur HuFi
Orc:1 Urug


Innate Abilities, Weirdness & Mutations

You are resistant to damage.
You can heal yourself by infusing magical energy.
You passively map the area around you.
You do not regenerate.
You have large cloven feet.
You are surrounded by a mild repulsion field. (EV +2)
You are somewhat resistant to further mutation.
You occasionally shout uncontrollably at your foes.


Message History

* * * LOW HITPOINT WARNING * * *
The ogre barely misses you. The orc warrior barely misses you.
Things that are here:
a +0 robe; a +2 dagger of electrocution A red film seems to cover your vision as you go berserk!
You feel yourself moving faster!
You feel mighty!
You are feeling hungry.
The orc warrior barely misses you. The orc warrior misses you.
The ogre hits you with a +0 giant spiked club!
* * * LOW HITPOINT WARNING * * *
The ogre hits you but does no damage.
You slice the orc warrior!!
The orc warrior is severely wounded.
You barely miss the ogre. You slash the orc warrior! You slash the ogre!
You slice the orc warrior!!
You kill the orc warrior!
Trog accepts your kill.
You slash the ogre! You slash the orc warrior! You slice the ogre!!
The orc warrior hits you with a +0 scimitar!
You die...

# #............########...# #
#......).....#.....##...# #
#..........>.#.....##...# #
#............#.._..##...# #
#............#.....##...# #
#............#.[...##...# #
#............###)####...# #
#............#8o.)8##...# #
#...........[[@O)..##...# #
#.............O)>...#...#
###...................#...#######
.................................
#################################


You could see an orc warrior and 2 ogres.

Vanquished Creatures
  Erica (D:8)
  2 spiny frogs (Lair:1)
  A rime drake (Lair:1)
  A komodo dragon (Lair:1)
  2 trolls
  5 hippogriffs
  A wyvern (D:6)
  15 yaks
  A hungry ghost (D:7)
  2 porcupines
  3 water moccasins (Lair:1)
  6 orc warriors
  4 ice beasts
  3 black bears
  3 necrophages
  A phantom (D:6)
  7 ogres
  4 centaurs
  A crocodile (D:7)
  2 bullfrogs
  A wyvern skeleton (D:7)
  A scorpion (D:7)
  3 killer bees (D:7)
  A water moccasin skeleton (D:8)
  3 wights (D:6)
  2 electric eels (Lair:1)
  4 howler monkeys
  12 crimson imps
  A bullfrog zombie (D:9)
  5 hounds
  6 centaur skeletons
  2 jellies
  8 orc priests
  3 bullfrog skeletons
  3 iguanas
  Terence (D:3)
  10 orc wizards
  7 worker ants
  A hound zombie (D:7)
  A hound skeleton (D:4)
  A howler monkey zombie (D:9)
  5 gnolls (D:4)
  15 adders
  2 shadow imps
  2 white imps (D:8)
  An ooze (D:6)
  2 adder zombies
  3 adder skeletons
  2 worms
  2 dart slugs
  5 leopard geckos
  43 orcs
  6 ball pythons (D:2)
  7 bats
  3 giant cockroaches
  12 goblins
  12 hobgoblins
  4 jackals (D:6)
  5 quokkas
  3 frilled lizards
  2 jackal zombies
  19 kobolds
  A leopard gecko skeleton (D:4)
  2 quokka skeletons (D:8)
  6 rats
  A fungus (D:10)
  A plant (D:10)
307 creatures vanquished.

Vanquished Creatures (others)
  A crimson imp (D:8)
  An orc (Orc:1)
  2 withered plants (D:4)
4 creatures vanquished.

Grand Total: 311 creatures vanquished

Notes
Turn   | Place    | Note
-------+----------+-------------------------------------------
     0 | D:1      | Foic the Deep Dwarf Berserker began the quest for the Orb.
     0 | D:1      | Reached XP level 1. HP: 20/20 MP: 1/1
   732 | D:1      | Reached XP level 2. HP: 24/27 MP: 2/2
   935 | D:2      | Reached ** piety under Trog
   973 | D:2      | Reached skill level 4 in Axes
   973 | D:2      | Reached XP level 3. HP: 25/34 MP: 3/3
  1061 | D:2      | Reached XP level 4. HP: 29/42 MP: 4/4
  1522 | D:2      | Found a glowing silver altar of Zin.
  1696 | D:3      | Reached XP level 5. HP: 22/49 MP: 5/5
  1803 | D:3      | Found a white marble altar of Elyvilon.
  1842 | D:3      | Noticed Terence
  1865 | D:3      | Killed Terence
  1865 | D:3      | Reached skill level 5 in Axes
  2032 | D:3      | Reached *** piety under Trog
  2057 | D:3      | Found a runed translucent door.
  2058 | D:3      | Noticed Crazy Yiuf
  2166 | D:3      | Found a snail-covered altar of Cheibriados.
  2337 | D:4      | Reached skill level 1 in Stealth
  2350 | D:4      | Reached XP level 6. HP: 23/56 MP: 6/6
  2523 | D:4      | Found a hazy altar of Hepliaklqana.
  2536 | D:4      | Reached skill level 6 in Axes
  2654 | D:4      | Found a runed translucent door.
  2655 | D:4      | Noticed Xerberus86's ghost (amateur HuFi)
  2695 | D:4      | Reached XP level 7. HP: 53/63 MP: 7/7
  3113 | D:4      | Found a radiant altar of Vehumet.
  3122 | D:4      | Reached **** piety under Trog
  3361 | D:5      | Entered Level 5 of the Dungeon
  3424 | D:5      | Found a shadowy altar of Dithmenos.
  3544 | D:5      | Found an iron altar of Okawaru.
  3561 | D:5      | Found a shimmering altar of Xom.
  3664 | D:5      | Reached skill level 7 in Axes
  3904 | D:5      | Found an ancient bone altar of Kikubaaqudgha.
  3920 | D:5      | Found a blossoming altar of Fedhas.
  4334 | D:6      | Noticed a wyvern
  4338 | D:6      | Reached skill level 8 in Axes
  4346 | D:6      | Killed a wyvern
  4346 | D:6      | Reached skill level 5 in Armour
  4346 | D:6      | Reached XP level 8. HP: 25/73 MP: 8/8
  4434 | D:6      | Found a bloodstained altar of Trog.
  4796 | D:6      | Gained mutation: You have large cloven feet. [potion of
                  | mutation]
  4796 | D:6      | Gained mutation: You occasionally shout uncontrollably at
                  | your foes. [potion of mutation]
  4796 | D:6      | Gained mutation: You are surrounded by a mild repulsion
                  | field. (EV +2) [potion of mutation]
  4796 | D:6      | Gained mutation: You are somewhat resistant to further
                  | mutation. [potion of mutation]
  4949 | D:6      | Reached skill level 9 in Axes
  5024 | D:6      | Found a staircase to the Ecumenical Temple.
  5212 | D:6      | Found a sparkling altar of Nemelex Xobeh.
  5593 | D:7      | Reached skill level 5 in Fighting
  5714 | D:7      | Gained mutation: You passively map the area around you.
                  | [Deep Dwarf growth]
  5714 | D:7      | Reached XP level 9. HP: 61/81 MP: 9/9
  5769 | D:7      | Reached skill level 10 in Axes
  6088 | D:7      | Reached skill level 1 in Slings
  6137 | D:7      | Reached skill level 11 in Axes
  6789 | D:8      | Noticed Erica
  6838 | D:8      | Killed Erica
  6838 | D:8      | Reached XP level 10. HP: 33/91 MP: 10/10
  7318 | D:8      | Reached skill level 12 in Axes
  7729 | D:9      | Found a staircase to the Orcish Mines.
  8093 | D:9      | Found a roughly hewn altar of Beogh.
  8312 | D:10     | Entered Level 10 of the Dungeon
  8383 | D:10     | Found Rusone's Distillery.
  8673 | D:10     | Reached skill level 13 in Axes
  8896 | D:10     | Found a staircase to the Lair.
  8914 | Lair:1   | Entered Level 1 of the Lair of Beasts
  8934 | Lair:1   | Reached XP level 11. HP: 45/100 MP: 11/11
  9077 | Lair:1   | Found a burning altar of Makhleb.
  9211 | Lair:1   | Reached skill level 10 in Armour
  9801 | Lair:2   | Noticed a five-headed hydra
  9972 | Orc:1    | Entered Level 1 of the Orcish Mines
  9972 | Orc:1    | Noticed Urug
 10009 | D:9      | HP: 4/154 [ogre/+0 giant spiked club (6)]
 10011 | D:9      | Mangled by an orc warrior

Skill      XL: |  1  2  3  4  5  6  7  8  9 10 11 |
---------------+----------------------------------+-----
Fighting       | 3 4 5 6 7 8 |  8.2
Axes           | 4 5 6 8 9 11 13 | 13.8
Armour         | 3 4 5 6 8 9 10 | 10.3
Dodging        | 3 4 |  4.1
Stealth        | 1 |  1.2
Slings         | 1 2 |  2.5

Action                   |  1- 3 |  4- 6 |  7- 9 | 10-12 || total
-------------------------+-------+-------+-------+-------++-------
Melee: Hand axe          |   124 |   224 |    34 |       ||   382
       War axe           |       |       |   547 |   453 ||  1000
 Fire: Hunting sling     |       |     1 |    10 |       ||    11
Throw: Stone             |       |     3 |    51 |       ||    54
Invok: Trog's Hand       |       |     2 |    15 |    19 ||    36
       Berserk           |       |       |     1 |     3 ||     4
  Use: Scroll            |     2 |     2 |     1 |     3 ||     8
       Potion            |     1 |     2 |    11 |     2 ||    16
 Stab: Sleeping          |       |     2 |       |       ||     2
  Eat: Chunk             |     1 |     6 |    25 |    14 ||    46
       Ration            |       |       |     1 |     1 ||     2
Armor: Ring mail         |    49 |    13 |       |       ||    62
       Animal skin       |     1 |       |       |       ||     1
       Leather armour    |       |    19 |       |       ||    19
       Scale mail        |       |    53 |    17 |       ||    70
       Plate armour      |       |       |   186 |   223 ||   409
       Chain mail        |       |       |    43 |       ||    43
       Skin              |       |       |     8 |       ||     8
Dodge: Dodged            |    85 |   144 |   308 |   317 ||   854
